AoeStats
← unhappy

Arena

510135456Analyzed
4v4 RM · 3d ago on Sep 29, 2026· 20m 34s· 8 players
Game mode
Random Map
Map size
Large (8 player)
Population
200
Speed
Normal
Resources
Standard
Victory
Conquest
Starting age
Dark Age
Ending age
Imperial Age
RankedLock teamsTeams togetherTeam positionsShared explorationLock speedFull tech treeHidden civsTurbo modeCheats
Victory
Defeat
🇨🇳 Spanish · China
1520
+14
🇨🇴 Teutons · Colombia
1493
+15
🇬🇧 Celts · United Kingdom
1473
+16
🇺🇸 Lithuanians · United States
1433
+19
🇨🇳 Berbers · China
1519
-18
🇨🇳 Varangians · China
1490
-16
🇨🇳 Danes · China
1468
-16
🇨🇳 Varangians · China
1436
-14
养几亿
10:47 Feudal Age
11:45 Double-Bit Axe
14:26 Castle Age
14:35 Light Cavalry
18:35 Loom
19:19 Town Watch
luoul
10:45 Feudal Age
11:15 Loom
14:55 Castle Age
unhappy
10:33 Feudal Age
11:22 Double-Bit Axe
14:27 Castle Age
12:49 Horse Collar
15:42 Bow Saw
17:24 Wheelbarrow
18:31 Loom
Zilove_
10:25 Feudal Age
11:31 Double-Bit Axe
14:03 Castle Age
12:03 Horse Collar
15:02 Bow Saw
15:35 Wheelbarrow
Huskarls4
10:36 Feudal Age
11:44 Double-Bit Axe
14:36 Castle Age
12:23 Horse Collar
15:59 Bow Saw
AttilathePun463
10:07 Feudal Age
13:42 Castle Age
12:13 Double-Bit Axe
12:10 Horse Collar
14:33 Bow Saw
14:10 Loom
18:47 Heavy Plow
jmolinao
6:04 Loom
8:33 Feudal Age
9:30 Double-Bit Axe
12:11 Fletching
.
10:29 Feudal Age
9:28 Loom
10:58 Double-Bit Axe
14:26 Castle Age
13:42 Horse Collar
Connection lost

Rejoining the realm…

Still unreachable

The connection could not be restored.

Session expired

The server has moved on; the page needs a fresh start.